 Dungeon Crawl Stone Soup version 0.21.0-25-ge575cb9 (webtiles) character file.

11808 Moloch the Carver (level 11, -2/86 HPs)
             Began as a Mummy Fighter on Jan 23, 2018.
             Was a High Priest of Okawaru.
             Slain by a crocodile (9 damage)
             ... on level 1 of the Lair of Beasts.
             The game lasted 00:22:57 (12460 turns).

Moloch the Carver (Mummy Fighter)                  Turns: 12460, Time: 00:22:58

Health: -2/86      AC: 14    Str: 19    XL:     11   Next: 54%
Magic:  11/11      EV:  7    Int:  8    God:    Okawaru [*****.]
Gold:   403        SH:  0    Dex: 15    Spells: 10/10 levels left

rFire    x . .     SeeInvis .   p - +3 great sword
rCold    + . .     Gourm    .   (shield currently unavailable)
rNeg     + + +     Faith    +   y - +0 storm dragon scales
rPois    ∞         Spirit   .   l - +0 helmet
rElec    +         Reflect  .   (no cloak)
rCorr    .         Harm     .   x - +0 pair of gloves
MR       +....                  q - +0 pair of boots
Stlth    ..........             r - amulet of faith
HPRegen  0.24/turn              i - ring of stealth
MPRegen  0.12/turn              (no ring)

@: no status effects
A: no food or potions, fire vulnerability, cold resistance 1, negative energy
resistance 3, torment resistance, unbreathing
a: Heroism, Finesse, Renounce Religion


You were on level 1 of the Lair of Beasts.
You worshipped Okawaru.
Okawaru was extremely pleased with you.
You were not hungry.

You visited 4 branches of the dungeon, and saw 13 of its levels.

You collected 611 gold pieces.
You spent 208 gold pieces at shops.

Inventory:

Hand Weapons
 a - a +0 long sword
 p - a +3 great sword (weapon)
Missiles
 s - a throwing net (quivered)
 z - 4 silver tomahawks
Armour
 c - a +0 shield
 l - a +0 helmet (worn)
 q - a +0 pair of boots (worn)
 t - a +2 scale mail of cold resistance
 x - a +0 pair of gloves (worn)
 y - +0 storm dragon scales (worn)
Jewellery
 i - a ring of stealth (left hand)
 n - an uncursed amulet of guardian spirit
 r - an amulet of faith (around neck)
Wands
 o - a wand of paralysis (4)
 u - a wand of random effects (35)
 w - a wand of acid (10)
Scrolls
 b - 2 scrolls of enchant weapon
 d - 2 scrolls of remove curse
 e - 3 scrolls of immolation
 f - a scroll of amnesia
 g - 4 scrolls of magic mapping
 h - 5 scrolls of teleportation
 j - a scroll of fear
 k - 3 scrolls of enchant armour
 m - 6 scrolls of identify
 v - a scroll of blinking
 A - 3 scrolls of vulnerability {unknown}


   Skills:
 + Level 7.8 Fighting
 * Level 13.9 Long Blades
 - Level 2.4 Armour
 - Level 2.4 Shields


You had 10 spell levels left.
You didn't know any spells.

Dungeon Overview and Level Annotations

Branches:
Dungeon (10/15)            Temple (1/1) D:5            Lair (1/6) D:10
    Orc (1/2) D:10

Altars:
Ashenzari
Cheibriados
Dithmenos
Elyvilon
Fedhas
Gozag
Hepliaklqana
Kikubaaqudgha
Makhleb
Nemelex Xobeh
Okawaru
Qazlal
Ru
Sif Muna
Trog
Uskayaw
Vehumet
Wu Jian
Xom
Yredelemnul
Zin
The Shining One

Shops:
D:7 *

Annotations:
D:4 1 exclusion, HEYYEYAAE's ghost, novice DgEE
Lair:1 Harold


Innate Abilities, Weirdness & Mutations

You do not eat or drink.
Your flesh is vulnerable to fire.
You are immune to poison.
Your flesh is cold resistant. (rC+)
You are immune to negative energy. (rN+++)
You are immune to unholy pain and torment.
You can survive without breathing.


Message History

The bullfrog is moderately wounded.
The bullfrog hits you but does no damage. x2
You barely miss the bullfrog.
The bullfrog is moderately wounded.
The bullfrog hits you but does no damage.
The bullfrog hits you but does no damage.
Things that are here:
a yak corpse x2
You slice the bullfrog!!
You kill the bullfrog!
Okawaru accepts your kill.
You hit the crocodile.
The crocodile is lightly wounded.
The crocodile bites you but does no damage.
You closely miss the crocodile. The crocodile bites you.
* * * LOW HITPOINT WARNING * * *
You slash the crocodile!
The crocodile is heavily wounded.
The crocodile bites you!
You die...

..................####P.
...................#.....
.........................
......#..###.#.†.........
....#........#.....#.....
.............#...........
....#........#.....#.....
#
....P........#...........
#
......†.@................
#
#..#+##t######.....#.....
..
#.....†#.t............#P+
.. ....... ......... ..
....... ....... ..
...⌠.#. ....... .....#.
....... .#.. .. .......
... .# .#####.


You could see a crocodile.

Vanquished Creatures
  2 two-headed ogres (D:8)
  3 death yaks
  The ghost of Regeox the Wallflower, a novice DsGl of Uskayaw (D:8)
  The ghost of Zorot the Ruffian, a novice NaMo (D:6)
  Psyche (D:8)
  A spiny frog (Lair:1)
  3 trolls
  Prince Ribbit (D:7)
  Sigmund (D:2)
  5 yaks (Lair:1)
  A steam dragon (D:10)
  2 hungry ghosts
  Menkaure (D:7)
  A warg (D:10)
  A water moccasin (Lair:1)
  4 orc warriors
  2 porcupines (Lair:1)
  5 ice beasts
  2 sky beasts (D:10)
  A hornet zombie (D:10)
  4 ogres
  A phantom (D:8)
  5 wolves (Lair:1)
  3 centaurs
  A crocodile (D:10)
  2 bullfrogs (Lair:1)
  3 scorpions
  6 howler monkeys
  5 wights (D:6)
  A bullfrog zombie (D:7)
  A crimson imp (D:9)
  A centaur zombie (D:7)
  2 quasits (D:9)
  5 hounds
  6 bullfrog skeletons
  A centaur skeleton (D:9)
  15 orc wizards
  An iguana (D:9)
  8 worker ants
  A killer bee zombie (D:10)
  2 hound skeletons
  A worker ant zombie (D:5)
  15 adders
  3 shadow imps
  An adder zombie (D:6)
  An adder skeleton (D:8)
  3 worms
  3 dart slugs
  7 leopard geckos
  32 orcs
  6 ball pythons
  3 bats (D:1)
  4 giant cockroaches
  7 goblins
  6 hobgoblins
  2 jackals (D:1)
  3 quokkas
  3 frilled lizards
  5 kobolds
  A quokka skeleton (D:6)
  A quokka zombie (D:7)
  7 rats
227 creatures vanquished.

Notes
Turn   | Place    | Note
-------+----------+-------------------------------------------
     0 | D:1      | Moloch the Mummy Fighter began the quest for the Orb.
     0 | D:1      | Reached XP level 1. HP: 18/18 MP: 1/1
   170 | D:1      | Reached skill level 2 in Long Blades
   170 | D:1      | Reached XP level 2. HP: 24/24 MP: 2/2
   866 | D:2      | Reached XP level 3. HP: 26/29 MP: 3/3
  1199 | D:2      | Noticed Sigmund
  1364 | D:2      | Reached skill level 3 in Long Blades
  1436 | D:2      | Reached XP level 4. HP: 32/36 MP: 4/4
  1552 | D:2      | Killed Sigmund
  1552 | D:2      | Reached skill level 4 in Long Blades
  1552 | D:2      | Reached XP level 5. HP: 31/42 MP: 5/5
  1598 | D:2      | Found a faded altar of an unknown god.
  2049 | D:3      | Reached XP level 6. HP: 48/48 MP: 6/6
  2349 | D:4      | Reached skill level 5 in Long Blades
  2423 | D:4      | Noticed HEYYEYAAE's ghost (novice DgEE)
  3188 | D:5      | Entered Level 5 of the Dungeon
  3240 | D:3      | Reached XP level 7. HP: 6/54 MP: 7/7
  3587 | D:5      | Reached skill level 6 in Long Blades
  3912 | D:5      | Found a staircase to the Ecumenical Temple.
  3930 | Temple   | Entered the Ecumenical Temple
  3974 | Temple   | Became a worshipper of Warmaster Okawaru
  4490 | D:5      | Reached skill level 7 in Long Blades
  4533 | D:5      | Found a stormy altar of Qazlal.
  4864 | D:6      | Reached XP level 8. HP: 40/61 MP: 8/8
  4978 | D:6      | Reached * piety under Okawaru
  5152 | D:6      | Noticed Zorot's ghost (novice NaMo)
  5182 | D:6      | Killed Zorot's ghost
  5182 | D:6      | Reached skill level 5 in Fighting
  5182 | D:6      | Reached skill level 8 in Long Blades
  5460 | D:6      | Found an opulent altar of Gozag.
  5471 | D:6      | Reached skill level 9 in Long Blades
  5709 | D:6      | Reached ** piety under Okawaru
  5936 | D:7      | Reached XP level 9. HP: 42/68 MP: 9/9
  6167 | D:7      | Found Rilanwoc's Assorted Antiques.
  6298 | D:7      | Noticed Prince Ribbit
  6299 | D:7      | Noticed Menkaure
  6316 | D:7      | Killed Prince Ribbit
  6319 | D:7      | Killed Menkaure
  6319 | D:7      | Reached skill level 10 in Long Blades
  6411 | D:7      | Reached *** piety under Okawaru
  6769 | D:7      | Bought a scroll labeled NONOCI JAWK for 26 gold pieces
  6769 | D:7      | Bought a short fluorescent wand for 104 gold pieces
  6769 | D:7      | Bought a scroll of teleportation for 78 gold pieces
  7009 | D:8      | Noticed Psyche
  7020 | D:8      | Killed Psyche
  7232 | D:8      | Noticed Regeox's ghost (novice DsGl)
  7250 | D:8      | Killed Regeox's ghost
  7250 | D:8      | Reached **** piety under Okawaru
  7250 | D:8      | Received a gift from Okawaru
  7250 | D:8      | Reached skill level 11 in Long Blades
  7730 | D:8      | Noticed a two-headed ogre
  7738 | D:8      | Killed a two-headed ogre
  7738 | D:8      | Reached XP level 10. HP: 76/76 MP: 10/10
  7804 | D:8      | Noticed a two-headed ogre
  7814 | D:8      | Killed a two-headed ogre
  7960 | D:9      | Found a stormy altar of Qazlal.
  8229 | D:8      | Reached ***** piety under Okawaru
  8229 | D:8      | Reached skill level 12 in Long Blades
  9410 | D:10     | Entered Level 10 of the Dungeon
  9536 | D:10     | Found a staircase to the Orcish Mines.
  9831 | D:10     | Received a gift from Okawaru
 10116 | D:10     | Noticed a death yak
 10117 | D:10     | Noticed a death yak
 10163 | Orc:1    | Entered Level 1 of the Orcish Mines
 10475 | D:10     | Noticed a death yak
 10498 | D:10     | Killed a death yak
 10498 | D:10     | Reached skill level 13 in Long Blades
 10498 | D:10     | Reached XP level 11. HP: 53/84 MP: 8/11
 10684 | D:10     | Noticed a death yak
 10710 | D:10     | Noticed a death yak
 10711 | D:10     | Noticed a death yak
 10711 | D:10     | Noticed a death yak
 10712 | D:10     | Killed a death yak
 10870 | D:10     | Found a staircase to the Lair.
 10901 | D:10     | Received a gift from Okawaru
 11654 | D:9      | Killed a death yak
 12028 | Lair:1   | Entered Level 1 of the Lair of Beasts
 12072 | Lair:1   | Noticed Harold
 12460 | Lair:1   | Slain by a crocodile

Skill      XL: |  1  2  3  4  5  6  7  8  9 10 |
---------------+-------------------------------+-----
Long Blades    | 2 3 4 5 7 9 11 13 | 13.9
Fighting       | 4 5 6 7 |  7.8
Armour         | |  2.4
Shields        | |  2.4

Action                   |  1- 3 |  4- 6 |  7- 9 | 10-12 || total
-------------------------+-------+-------+-------+-------++-------
Melee: Long sword        |   138 |   179 |    69 |       ||   386
       Great sword       |       |       |   207 |   338 ||   545
Invok: Heroism           |       |       |       |     8 ||     8
       Finesse           |       |       |       |     1 ||     1
Evoke: Wand              |       |       |    13 |     3 ||    16
  Use: Scroll            |       |       |    11 |     1 ||    12
 Stab: Paralysed         |       |       |     9 |       ||     9
Armor: Scale mail        |    73 |    35 |       |   160 ||   268
       Chain mail        |       |    58 |   155 |       ||   213
       Storm dragon scal |       |       |       |    53 ||    53
Dodge: Dodged            |    37 |    40 |    86 |   175 ||   338
Block: Shield            |    80 |    62 |    30 |       ||   172
       Rpst.: Long sword |    12 |    13 |     4 |       ||    29
       Great sword       |       |       |    26 |    48 ||    74
